 Dungeon Crawl Stone Soup version 0.19.4-12-gccf7e64 (webtiles) character file.

577 Kosschaser the Ruffian (level 7, 0/67 HPs)
             Began as a Troll Monk on Feb 27, 2017.
             Was a Believer of Nemelex Xobeh.
             Slain by an ogre
             ... wielding a +0 giant club
              (8 damage)
             ... on level 5 of the Dungeon.
             The game lasted 00:11:15 (3256 turns).

Kosschaser the Ruffian (Troll Monk)                 Turns: 3256, Time: 00:11:15

Health: 0/67       AC:  6    Str: 22    XL:     7   Next: 13%
Magic:  6/6        EV: 11    Int:  6    God:    Nemelex Xobeh [**....]
Gold:   246        SH:  0    Dex: 12    Spells: 0 memorised, 6 levels left

rFire  . . .     SeeInvis .       - Unarmed
rCold  . . .     Gourm    +     a - +0 robe
rNeg   . . .     Faith    .     (no shield)
rPois  .         Spirit   .     p - +0 hat
rElec  .         Reflect  .     r - +0 cloak
rCorr  +         Harm     .     (gloves unavailable)
MR     .....                    (boots unavailable)
Stlth  ++........               (no amulet)
                                (no ring)
                                g - ring of resist corrosion

@: no status effects
A: unfitting armour, claws 3, fast metabolism 3, gourmand, regeneration 1,
shaggy fur 1, tough skin 2
a: Renounce Religion


You were on level 5 of the Dungeon.
You worshipped Nemelex Xobeh.
Nemelex Xobeh was pleased with you.
You were hungry.

You visited 2 branches of the dungeon, and saw 6 of its levels.

You collected 246 gold pieces.

Inventory:

Missiles
 j - 86 stones (quivered)
Armour
 a - a +0 robe (worn)
 p - a +0 hat (worn)
 r - a +0 cloak (worn)
Jewellery
 g - a ring of resist corrosion (left claw)
Wands
 A - a wand of heal wounds (5/9)
Scrolls
 e - a scroll of enchant armour {unknown}
 f - a scroll of noise {unknown}
 h - 4 scrolls of identify
 q - 2 scrolls of recharging {unknown}
 s - 2 scrolls of random uselessness {unknown}
 t - a scroll of fear {unknown}
 v - 3 scrolls of amnesia
 x - a scroll of magic mapping {unknown}
 y - a scroll of remove curse {unknown}
Potions
 d - a potion of curing {unknown}
 i - a potion of berserk rage {unknown}
 l - a potion of magic {unknown}
 m - a potion of resistance {unknown}
 n - 2 potions of might {unknown}
 o - a potion of lignification {unknown}
 u - 2 potions of agility {unknown}
 w - a potion of ambrosia {unknown}
 z - 2 potions of brilliance {unknown}
Miscellaneous
 B - a plain deck of destruction
 C - a plain deck of destruction
Comestibles
 b - 4 bread rations
 c - 2 slices of pizza
 k - a meat ration


   Skills:
 + Level 3.3 Fighting
 + Level 2.2 Throwing
 + Level 4.0 Dodging
 + Level 1.4 Stealth
 + Level 5.7 Unarmed Combat


You had 6 spell levels left.
You didn't know any spells.

Dungeon Overview and Level Annotations

Branches:
Dungeon (5/15)             Temple (1/1) D:4

Altars:
Ashenzari
Dithmenos
Elyvilon
Gozag
Kikubaaqudgha
Makhleb
Nemelex Xobeh
Okawaru
Sif Muna
Trog
Uskayaw
Vehumet
Xom
Yredelemnul
Zin
The Shining One

Shops:
D:5 [


Innate Abilities, Weirdness & Mutations

You are too large for most types of armour.
You have claws for hands.
Your metabolism is lightning-fast.
You like to eat raw meat.
Your natural rate of healing is unusually fast.
You are covered in fur. (AC +1)
You have very tough skin. (AC +2)


Message History

You kill the worker ant!
Your Dodging skill increases to level 4!
The gnoll misses you. The gnoll barely misses you.
You scratch the ogre but do no damage. You barely miss the ogre.
The gnoll misses you. The ogre hits you with a giant club!!
As you read the scroll labeled SYRIANALADD, it crumbles to dust.
It is a scroll of identify.
v - 3 scrolls of amnesia The ogre hits you with a giant club!!
* * * LOW HITPOINT WARNING * * *
The gnoll barely misses you. The ogre hits you with a giant club!
* * * LOW HITPOINT WARNING * * *
The gnoll barely misses you. The ogre closely misses you.
The gnoll hits you but does no damage. The gnoll barely misses you.
The ogre closely misses you. The ogre hits you with a giant club!
You die...
Your body glows slightly and disappears.

#########
##...#...##
##.........##
#...........#
#.....[.....#
#......g....#
###.....OO..##
###......#@..##
###
##.....########
..####....######
.......###....∩#
.....#####[....#
...............#
.....#####.....#
.....#####.....#
.........#.....#


You could see 2 ogres and a gnoll.

Vanquished Creatures
  The ghost of zegmoder the Chopper, an amateur DsBe of Trog (D:4)
  A howler monkey (D:3)
  3 iguanas
  4 worker ants
  A hound skeleton (D:4)
  A gnoll (D:5)
  6 adders
  An ooze (D:3)
  An adder skeleton (D:5)
  A worm (D:3)
  5 dart slugs
  2 leopard geckos
  An orc (D:4)
  2 ball pythons
  6 bats
  3 giant cockroaches
  5 goblins
  8 hobgoblins
  8 jackals
  2 quokkas
  8 frilled lizards
  7 kobolds
  7 rats
84 creatures vanquished.

Notes
Turn   | Place    | Note
-------+----------+-------------------------------------------
     0 | D:1      | Kosschaser the Troll Monk began the quest for the Orb.
     0 | D:1      | Reached XP level 1. HP: 22/22 MP: 0/0
    89 | D:1      | Reached XP level 2. HP: 29/29 MP: 1/1
   366 | D:1      | Reached XP level 3. HP: 35/36 MP: 2/2
   705 | D:2      | Found an iron altar of Okawaru.
   807 | D:2      | Found a shimmering altar of Xom.
   846 | D:2      | Found a shattered altar of Ashenzari.
   846 | D:2      | Found a radiant altar of Vehumet.
  1336 | D:3      | Reached XP level 4. HP: 40/45 MP: 3/3
  1390 | D:3      | Reached skill level 4 in Unarmed Combat
  1769 | D:3      | Reached XP level 5. HP: 53/53 MP: 4/4
  1954 | D:4      | Noticed zegmoder's ghost (amateur DsBe)
  1970 | D:4      | Killed zegmoder's ghost
  1970 | D:4      | Reached skill level 1 in Throwing
  1970 | D:4      | Reached skill level 5 in Unarmed Combat
  1970 | D:4      | Reached XP level 6. HP: 31/61 MP: 5/5
  2359 | D:4      | Found a staircase to the Ecumenical Temple.
  2370 | Temple   | Entered the Ecumenical Temple
  2741 | Temple   | Became a worshipper of Nemelex Xobeh the Trickster
  2741 | Temple   | Received a gift from Nemelex Xobeh
  2741 | Temple   | Reached * piety under Nemelex Xobeh
  2741 | Temple   | Received a gift from Nemelex Xobeh
  2741 | Temple   | Reached ** piety under Nemelex Xobeh
  2905 | D:4      | Reached XP level 7. HP: 67/67 MP: 6/6
  3158 | D:5      | Entered Level 5 of the Dungeon
  3181 | D:5      | Found Bupitolo's Armour Emporium.
  3256 | D:5      | Slain by an ogre

Skill      XL: |  1  2  3  4  5  6  7 |
---------------+----------------------+-----
Dodging        | 3 4 |  4.0
Fighting       | 3 |  3.3
Unarmed Combat | 4 5 |  5.7
Throwing       | 1 2 |  2.2
Stealth        | |  1.4

Action                   |  1- 3 |  4- 6 |  7- 9 || total
-------------------------+-------+-------+-------++-------
Melee: Unarmed           |   122 |    86 |    22 ||   230
       Punch             |     1 |     1 |       ||     2
Throw: Stone             |     1 |    44 |     2 ||    47
  Use: Scroll            |       |       |     1 ||     1
 Stab: Sleeping          |     3 |       |       ||     3
  Eat: Chunk             |    13 |    11 |     2 ||    26
Armor: Robe              |    49 |    19 |     5 ||    73
Dodge: Dodged            |    95 |    45 |    22 ||   162
